AoeStats
← JOSE.AC16

Nomad

503192832Analyzed
4v4 RM · 1mo ago on Aug 30, 2026· 55m 44s· 8 players
Game mode
Random Map
Map size
231×231
Population
200
Speed
Normal
Resources
Standard
Victory
Conquest
Starting age
Dark Age
Ending age
Imperial Age
RankedLock teamsTeams togetherTeam positionsShared explorationLock speedFull tech treeHidden civsTurbo modeCheats
Victory
Defeat
🇦🇷 Slavs · Argentina
814
+12
🇦🇷 Vikings · Argentina
788
+13
🇹🇷 Britons · Türkiye
784
+14
🇨🇱 Aztecs · Chile
687
+18
🇲🇽 Chinese · Mexico
741
-15
🇺🇸 Japanese · United States
738
-15
🇵🇪 Portuguese · Peru
734
-14
🇨🇴 Khitans · Colombia
711
-13
garciagtzcarlos
31:54 Feudal Age
32:30 Fishing Lines
34:02 Double-Bit Axe
XFREDJRX
6:16 Loom
6:23 Loom
16:29 Feudal Age
17:20 Fishing Lines
17:28 Double-Bit Axe
18:38 Wheelbarrow
21:56 Scale Mail Armor
22:07 Forging
21:25 Man-at-Arms
31:00 Castle Age
29:14 Scale Barding Armor
29:09 Padded Archer Armor
29:01 Fletching
31:59 Bloodlines
31:16 Long Swordsman
31:57 Squires
31:18 Pikeman
31:45 Gambesons
33:42 Hand Cart
33:25 Stone Mining
33:32 Gold Mining
33:54 Medium Warships
33:36 Gillnets
37:10 Gold Shaft Mining
40:37 Chain Mail Armor
40:58 Iron Casting
53:17 Treadmill Crane
53:58 Ballistics
53:51 Masonry
54:14 Town Watch
ElLorenzuwu
4:44 Loom
14:35 Feudal Age
15:01 Double-Bit Axe
14:59 Domestication
17:16 Man-at-Arms
21:13 Man-at-Arms
24:43 Forging
25:41 Scale Mail Armor
29:59 Castle Age
29:20 Fletching
29:31 Padded Archer Armor
30:59 Long Swordsman
33:45 Gambesons
34:50 Crossbowman
35:20 Elite Skirmisher
JOSE.AC16
Dremora
6:50 Loom
15:39 Feudal Age
16:24 Double-Bit Axe
16:32 Man-at-Arms
17:29 Arson
22:17 Stone Mining
24:59 Fishing Lines
25:36 Horse Collar
31:29 Castle Age
30:19 Fletching
30:30 Padded Archer Armor
30:32 Scale Mail Armor
32:25 Heavy Plow
34:08 Gillnets
36:55 Forging
37:01 Chain Mail Armor
36:50 Squires
39:12 Iron Casting
38:41 Crossbowman
39:47 Bow Saw
46:17 Ballistics
45:38 Treadmill Crane
46:09 Gold Mining
46:56 Stone Shaft Mining
46:57 Bodkin Arrow
50:23 Imperial Age
49:19 Gold Shaft Mining
50:26 Capped Ram
51:40 Crop Rotation
52:34 Blast Furnace
52:05 Plate Mail Armor
51:36 Bracer
54:34 Conscription
53:35 Elite Jaguar Warrior
56:27 Chemistry
Kerem
19:03 Feudal Age
20:53 Wheelbarrow
20:05 Double-Bit Axe
20:03 Horse Collar
20:20 Gold Mining
20:21 Stone Mining
20:48 Fishing Lines
27:48 Castle Age
27:07 Forging
26:47 Fletching
26:58 Padded Archer Armor
29:31 Hand Cart
29:40 Bow Saw
29:35 Heavy Plow
30:14 Gold Shaft Mining
29:34 Gillnets
30:22 Caravan
35:44 Ballistics
35:35 Fortified Wall
35:36 Masonry
38:55 Imperial Age
36:55 Yeomen
36:19 Treadmill Crane
36:34 Murder Holes
41:01 Two-Man Saw
40:47 Architecture
40:23 Siege Engineers
41:19 Chemistry
41:38 Iron Casting
40:59 Bodkin Arrow
41:50 Conscription
42:13 Leather Archer Armor
43:18 Warwolf
43:37 Elite Longbowman
45:38 Ring Archer Armor
46:41 Blast Furnace
46:50 Bracer
49:55 Hoardings
50:38 Heated Shot
50:39 Guard Tower
50:34 Arrowslits
50:55 Siphons
51:11 Shipwright
51:01 Clinker Construction
51:01 Careening
51:33 Scale Barding Armor
51:29 Scale Mail Armor
51:43 Fervor
52:57 Chain Barding Armor
53:54 Chain Mail Armor
JP CARP
9:44 Loom
14:53 Feudal Age
14:57 Man-at-Arms
25:27 Castle Age
23:12 Horse Collar
28:03 Long Swordsman
28:55 Squires
28:44 Double-Bit Axe
29:50 Medium Warships
31:45 Forging
34:25 Ballistics
34:55 Wheelbarrow
34:38 Scale Mail Armor
36:37 Careening
36:43 Clinker Construction
37:12 Iron Casting
43:05 Imperial Age
41:25 Hand Cart
44:02 Chain Mail Armor
47:02 Siege Engineers
49:00 Onager
50:59 Conscription
51:29 Siege Onager
52:40 Heavy Plow
52:35 Gold Mining
52:36 Stone Mining
53:03 Bow Saw
56:27 Heavy Warships
Zanguango
16:01 Feudal Age
18:15 Double-Bit Axe
19:01 Man-at-Arms
20:35 Horse Collar
23:05 Scale Mail Armor
25:55 Forging
31:16 Castle Age
31:57 Fishing Lines
32:36 Long Swordsman
33:29 Squires
35:08 Gambesons
37:19 Medium Warships
38:11 Crossbowman
38:11 Elite Skirmisher
41:19 Pikeman
42:37 Iron Casting
42:18 Chain Mail Armor
42:04 Padded Archer Armor
41:54 Fletching
52:01 Careening
52:15 Siphons
53:29 Coinage
53:58 Chieftains
Connection lost

Rejoining the realm…

Still unreachable

The connection could not be restored.

Session expired

The server has moved on; the page needs a fresh start.